Map: Frozen Temple

Players

Believe

  • Race: Protoss Protoss
  • League: Master

Dropbear - Winner!

  • Race: Terran Terran
  • League: Master

VOD

Have the link to the VOD?

Description

Time

  • Played on: April 4, 2016, 12:47 a.m.
  • Length: 10:17
Show
View Real Time Build Order
Export as new Build Order

Believe Protoss 

Build Orders: 1 Gate Expand 

Get SALT Encoding   

  12  0:01  Probe (Chrono Boost)  
  13  0:11  Probe (Chrono Boost)  
  14  0:18  Pylon  
  14  0:22  Probe (Chrono Boost)  
  15  0:36  Probe (Chrono Boost)  
  15  0:37  Gateway  
  16  0:46  Probe (Chrono Boost)  
  17  0:57  Probe (Chrono Boost)  
  18  1:08  Probe (Chrono Boost)  
  19  1:16  Nexus  
  19  1:25  Cybernetics Core  
  19  1:27  Probe (Chrono Boost)  
  20  1:35  Assimilator  
  20  1:38  Probe (Chrono Boost)  
  21  1:42  Pylon  
  21  1:48  Probe (Chrono Boost)  
  22  1:59  Probe (Chrono Boost)  
  22  2:00  Assimilator  
  23  2:09  Probe (Chrono Boost)  
  26  2:20  Probe (Chrono Boost)  
  27  2:23  Stalker  
  27  2:29  Probe (Chrono Boost)  
  28  2:30  Probe (Chrono Boost)  
  29  2:39  Probe (Chrono Boost)  
  29  2:41  Probe (Chrono Boost)  
  31  2:45  Robotics Facility  
  31  2:50  Probe (Chrono Boost)  
  32  2:51  Probe (Chrono Boost)  
  32  2:54  Pylon  
  32  2:55  Stalker  
  32  2:57  Assimilator  
  33  3:01  Probe (Chrono Boost)  
  33  3:02  Warp Gate (Chrono Boost)  
  33  3:03  Probe (Chrono Boost)  
  38  3:14  Probe (Chrono Boost)  
  38  3:18  Mothership Core (Chrono Boost)  
  40  3:21  Gateway  
  40  3:26  Probe (Chrono Boost), Stalker  
  43  3:36  Probe (Chrono Boost)  
  43  3:38  Observer, Probe (Chrono Boost)  
  43  3:39  Assimilator  
  46  3:47  Probe (Chrono Boost)  
  48  3:48  Probe (Chrono Boost)  
  48  3:51  Twilight Council  
  48  3:54  Gateway  
  48  3:57  Probe (Chrono Boost)  
  48  4:01  Pylon  
  48  4:02  Stalker  
  51  4:04  Probe (Chrono Boost)  
  51  4:08  Probe (Chrono Boost)  
  53  4:19  Stalker  
  53  4:20  Probe (Chrono Boost)  
  56  4:30  Probe (Chrono Boost)  
  55  4:32  Probe (Chrono Boost), Blink (Chrono Boost)  
  55  4:39  Probe  
  55  4:43  Probe  
  57  4:49  Probe  
  57  4:50  Observer  
  59  4:55  Probe  
  60  5:00  Nexus  
  60  5:02  Pylon  
  60  5:03  Pylon  
  60  5:07  Pylon  
  60  5:10  Probe  
  60  5:12  Probe  
  62  5:23  Stalker x3  
  68  5:30  Pylon  
  68  5:34  Immortal (Chrono Boost)  
  65  5:49  Mothership Core, Stalker x2  
  69  5:55  Pylon  
  69  5:56  Pylon  
  69  5:57  Stalker  
  70  6:01  Pylon  
  70  6:02  Pylon  
  70  6:11  Dark Shrine  
  70  6:13  Immortal (Chrono Boost)  
  67  6:30  Stalker x3  
  71  6:46  Warp Prism (Chrono Boost)  
  63  6:58  Adept x2  
  67  7:05  Stalker  
  67  7:23  Stalker  
  67  7:24  Gateway  
  67  7:25  Pylon  
  60  7:55  Dark Templar  
  48  9:06  Probe  
  45  9:13  Warp Prism (Chrono Boost)  
  45  9:16  Probe  
  28  9:27  Probe  
  28  9:30  Gateway  
  27  10:03  Probe  
Show
View Real Time Build Order
Export as new Build Order

Dropbear Terran - Winner!

Build Orders: 1/1/1, Liberator Opening 

Get SALT Encoding   

  12  0:00  SCV  
  13  0:13  SCV  
  14  0:17  Supply Depot  
  14  0:25  SCV  
  15  0:39  SCV  
  15  0:41  Barracks  
  16  0:45  Refinery  
  16  0:51  SCV  
  16  0:54  Refinery  
  17  1:03  SCV  
  18  1:15  SCV  
  19  1:30  Marine  
  19  1:31  Refinery, Orbital Command  
  20  1:42  Factory  
  20  1:50  Barracks Reactor  
  20  1:56  Supply Depot  
  20  2:00  SCV  
  21  2:12  SCV  
  22  2:25  SCV  
  22  2:26  Supply Depot  
  22  2:27  Starport  
  23  2:30  Widow Mine  
  23  2:34  Marine  
  23  2:37  Marine  
  26  2:40  SCV  
  28  2:52  Marine, SCV  
  28  2:54  Marine  
  31  3:01  Factory Tech Lab  
  27  3:05  Medivac  
  31  3:07  Supply Depot  
  31  3:09  Marine  
  31  3:12  Marine  
  34  3:19  Siege Tank  
  38  3:24  Supply Depot  
  38  3:26  Liberator  
  38  3:27  Marine  
  38  3:30  Marine  
  40  3:36  Starport Tech Lab  
  40  3:38  Supply Depot  
  40  3:45  Marine  
  40  3:48  Marine  
  45  3:51  Engineering Bay  
  45  3:59  Siege Tank  
  48  4:04  Marine  
  48  4:06  Marine  
  48  4:17  Liberator  
  48  4:29  Marine  
  48  4:30  SCV  
  44  4:32  Marine  
  44  4:33  Siege Tank  
  49  4:41  Missile Turret  
  49  4:47  Marine  
  49  4:50  Marine  
  51  5:04  Marine  
  51  5:05  Siege Tank  
  55  5:08  Marine  
  56  5:17  Supply Depot  
  56  5:25  Bunker  
  55  5:31  Marine x2, Bunker  
  55  5:34  Medivac  
  58  5:43  SCV  
  58  5:49  Marine  
  60  5:54  Bunker  
  60  5:56  Siege Tank  
  63  6:03  Missile Turret  
  63  6:12  Liberator, Bunker  
  63  6:23  SCV  
  62  6:28  Marine x2  
  66  6:36  Bunker  
  66  6:46  Marine  
  68  6:52  Missile Turret  
  68  6:54  Bunker  
  68  6:55  Marine, Siege Tank  
  70  7:03  Marine  
  71  7:18  Bunker  
  71  7:19  Supply Depot  
  71  7:23  Liberator  
  71  7:40  Marine x2  
  71  7:41  Bunker  
  75  7:47  Missile Turret  
  75  7:48  Siege Tank  
  78  7:58  Marine  
  79  8:03  Marine  
  72  8:15  Marine  
  72  8:20  Marine, Siege Tank  
  73  8:33  Marine  
  72  8:38  Marine  
  67  8:47  Liberator  
  63  8:51  Marine  
  61  8:56  Marine  
  56  9:04  Factory Tech Lab  
  56  9:09  Marine  
  56  9:14  Marine  
  54  9:19  Bunker  
  54  9:27  Marine  
  54  9:28  SCV  
  56  9:32  Marine  
Tags
 
Add a new tag
Caveats
  • Supply blocks, unpowered buildings, or Contaminate may cause inaccurate times.
  • Supply counts are checked every 10 seconds.